 Dungeon Crawl Stone Soup version 0.16.0-8-gd9ae3a8 (console) character file.

88 gw the Magician (level 4, -5/28 HPs)
             Began as a Halfling Wizard on Mar 17, 2015.
             Was an Initiate of Okawaru.
             Slain by an orc
             ... wielding a +0 trident
              (8 damage)
             ... on level 3 of the Dungeon.
             The game lasted 00:02:36 (3710 turns).

gw the Magician (Halfling Wizard)                   Turns: 3710, Time: 00:02:36

Health: -5/28      AC:  5    Str:  7      XL:     4   Next: 82%
Magic:  0/8        EV: 13    Int: 18      God:    Okawaru [......]
Gold:   72         SH:  0    Dex: 11 (12) Spells: 2 memorised, 5 levels left

rFire  . . .     SeeInvis .     a - +0 mace
rCold  . . .     Clarity  .     i - +2 leather armour {rPois}
rNeg   . . .     SustAb   .     (no shield)
rPois  +         Gourm    .     j - +0 hat
rElec  .         Spirit   .     (no cloak)
rCorr  .         Warding  .     (no gloves)
rMut   .         Stasis   .     (no boots)
MR     .....                    (no amulet)
Stlth  ++........               (no ring)
                                (no ring)

@: not resistant to hostile enchantments, unstealthy
A: mutation resistance 1
a: Renounce Religion


You were on level 3 of the Dungeon.
You worshipped Okawaru.
Okawaru was noncommittal.
You were not hungry.

You visited 1 branch of the dungeon, and saw 3 of its levels.

You collected 72 gold pieces.

Inventory:

Hand weapons
 a - a +0 mace (weapon)
 b - a +0 hunting sling
Missiles
 e - 94 stones (quivered)
 o - 16 sling bullets
Armour
 i - a +2 leather armour of poison resistance (worn)
 j - a +0 hat (worn)
Scrolls
 g - 3 scrolls of identify
 h - 2 scrolls of remove curse
Books
 c - a book of Minor Magic

   Spells                             Type                      Level
   a - Magic Dart                     Conjuration                  1
   b - Blink                          Translocation                2
   c - Call Imp                       Summoning                    2
   d - Repel Missiles                 Charms/Air                   2
   e - Slow                           Hexes                        2
   f - Conjure Flame                  Conjuration/Fire             3
   g - Mephitic Cloud                 Conjuration/Poison/Air       3
Comestibles
 d - a bread ration
 m - 2 fruits


   Skills:
 + Level 1.2 Fighting
 + Level 1.0 Maces & Flails
 + Level 1.2 Armour
 - Level 2.1 Dodging
 - Level 2.1 Stealth
 + Level 2.8 Spellcasting
 - Level 0.7 Conjurations
   Level 0.8 Summonings
 * Level 2.5 Translocations
 + Level 0.4 Invocations


You had 5 spell levels left.
You knew the following spells:

 Your Spells              Type           Power        Failure   Level  Hunger
a - Magic Dart            Conj           #...         21%         1    None
b - Blink                 Tloc           N/A          14%         2    ##.....


Dungeon Overview and Level Annotations

Branches:
Dungeon (3/15)

Altars:
Makhleb
Nemelex Xobeh
Okawaru
Qazlal


Innate Abilities, Weirdness & Mutations

You are small and have problems with some larger weapons.
You are somewhat resistant to further mutation.


Message History

You closely miss the orc.
The orc is heavily wounded.
The orc closely misses you.
Unknown command.
Unknown command.
Unknown command.
Unknown command.
ATTACK MOVE TO (1,1)
You hit the orc but do no damage.
The orc is heavily wounded.
The orc hits you with a trident.
Unknown command.
Unknown command.
Unknown command.
Unknown command.
ATTACK MOVE TO (1,1)
You closely miss the orc.
The orc is heavily wounded.
The orc hits you with a trident!
You die...

#.#.....#.#
############.#.###.#.#
...............%...#%#
.........%...#.#####.#
.###...<#####.......#
+....# #########
#....# ##'#######
#..p....# #..)o...#
#.......# .........#
..........+
[....$.....#
...........+
.......... ##.#


You could see an orc.

Table legend:
 A = Turns spent in this place as a percentage of turns spent in the entire game.
 B = Non-inter-level travel turns spent in this place as a percentage of non-inter-level travel turns spent in the entire game.
 C = Inter-level travel turns spent in this place as a percentage of turns spent in this place.
 D = Turns resting spent in this place as a percentage of non-inter-level travel turns spent in this place.
 E = Turns spent auto-exploring this place as a percentage of non-inter-level travel turns spent in this place.
 F = Non-inter-level travel turns spent in this place divided by the number of levels of this place that you've seen.
                   A       B       C       D       E      F
               +-------+-------+-------+-------+-------+----------------------
         Total | 100.0 | 100.0 |   0.4 |   3.1 |   2.5 | 1484.3
       Dungeon | 100.0 | 100.0 |   0.4 |   3.1 |   2.5 | 1484.3
               +-------+-------+-------+-------+-------+----------------------

Table legend:
 A = Kills in this place as a percentage of kills in entire the game.
 B = Kills by you in this place as a percentage of kills by you in the entire game.
 C = Kills by friends in this place as a percentage of kills by friends in the entire game.
 D = Other kills in this place as a percentage of other kills in the entire game.
 E = Experience gained in this place as a percentage of experience gained in the entire game.
 F = Experience gained in this place divided by the number of levels of this place that you have seen.
                   A       B       C       D       E      F
               +-------+-------+-------+-------+-------+----------------------
         Total | 100.0 | 100.0 |  -nan |  -nan | 100.0 |  42.3
       Dungeon | 100.0 | 100.0 |  -nan |  -nan | 100.0 |  42.3
               +-------+-------+-------+-------+-------+----------------------

Vanquished Creatures
  2 adders
  A worm (D:2)
  An ooze (D:1)
  2 orcs (D:3)
  2 ball pythons (D:2)
  5 bats
  10 goblins
  7 hobgoblins
  2 jackals (D:2)
  5 kobolds
  3 quokkas
  3 giant cockroaches
  2 giant geckos
  5 giant newts
  9 rats
59 creatures vanquished.

Notes
Turn   | Place    | Note
--------------------------------------------------------------
     0 | D:1      | gw, the Halfling Wizard, began the quest for the Orb.
     0 | D:1      | Reached XP level 1. HP: 11/11 MP: 3/3
   286 | D:1      | Reached XP level 2. HP: 3/18 MP: 0/5
   536 | D:1      | Learned a level 2 spell: Blink
   698 | D:1      | Reached skill level 1 in Armour
  1144 | D:1      | Reached XP level 3. HP: 20/22 MP: 2/6
  1834 | D:2      | Reached skill level 1 in Fighting
  1917 | D:2      | Reached XP level 4. HP: 25/28 MP: 2/8
  2299 | D:2      | Reached skill level 1 in Maces & Flails
  2810 | D:2      | Found an iron altar of Okawaru.
  2817 | D:2      | Became a worshipper of Warmaster Okawaru
  2824 | D:2      | Found a burning altar of Makhleb.
  3296 | D:2      | Found a stormy altar of Qazlal.
  3297 | D:2      | Found a sparkling altar of Nemelex Xobeh.
  3595 | D:3      | Found a sparkling altar of Nemelex Xobeh.
  3710 | D:3      | Slain by an orc

Action                   |  1- 3 |  4- 6 || total
-------------------------+-------+-------++-------
Melee: Club              |    27 |       ||    27
       Whip              |     3 |    17 ||    20
       Mace              |       |     9 ||     9
 Fire: Hunting sling     |       |     9 ||     9
 Cast: Magic Dart        |    68 |    80 ||   148
  Use: Scroll            |     5 |     2 ||     7
       Potion            |     4 |     2 ||     6
  Eat: Chunk             |     3 |     6 ||     9

Vault maps used:
D:1:      evilmike_arrival_rings, moated_statue
D:2:      nicolae_overflow_hidden_temple, amethyst_overflow_temple_binary
D:3:      minmay_misc_feat_square, nemelex_deck, uniq_grinder, uniq_sigmund,
          uniq_natasha, uniq_crazy_yiuf_cottage
